 Dungeon Crawl Stone Soup version 0.29.0-4-gdea44cf6ec (webtiles) character file.

Game seed: 9164814669409864145

189 qw the Chopper (level 5, -4/41 HPs)
             Began as a Barachi Chaos Knight on Sept 5, 2022.
             Slain by a red devil
             ... wielding a +0 trident
             ... summoned by Xom
              (11 damage)
             ... on level 4 of the Dungeon.
             The game lasted 00:01:30 (4104 turns).

qw the Chopper (Barachi Chaos Knight)               Turns: 4104, Time: 00:01:31

Health: -4/41      AC:  6    Str: 14 (15) XL:     5   Next: 68%
Magic:  5/5        EV:  8    Int: 13      God:
Gold:   121        SH:  8    Dex: 11      Spells: 4/4 levels left

rFire   . . .      SeeInvis .   Y - +0 war axe
rCold   . . .      Faith    .   m - +0 kite shield
rNeg    . . .      Spirit   .   o - +0 ring mail
rPois   .          Reflect  .   (no helmet)
rElec   .          Harm     .   a - +0 cloak
rCorr   .          Rampage  .   (no gloves)
Will    .....                   (no boots)
Stlth   +.........              (no amulet)
HPRegen 0.13/turn               (no ring)
MPRegen 0.09/turn               (no ring)

@: about to teleport, spiked, slow
A: amphibious, slowness 1, strong legs 1, +LOS
a: Hop


You were on level 4 of the Dungeon.
You visited 1 branch of the dungeon, and saw 4 of its levels.

You collected 121 gold pieces.


Innate Abilities, Weirdness & Mutations

You are amphibious.
You cover ground slowly.
You can hop short distances.
You have an extended range of vision and can be seen from far away.


   Skills:
 - Level 3.6 Fighting
 - Level 5.9 Axes
 - Level 2.4 Armour
 - Level 1.1 Dodging
 + Level 2.9 Shields


You had 4 spell levels left.
You didn't know any spells.
Your spell library was empty.

Inventory:

Hand Weapons
 l - a +0 flail
 Y - a +0 war axe (weapon)
Armour
 a - a +0 cloak (worn)
 m - a +0 kite shield (worn)
 o - a +0 ring mail (worn)
 r - the +1 robe of Ihashres {Harm Dex+4}
   (You found it on level 4 of the Dungeon)

   Dex:       It affects your dexterity (+4).
   Harm:      It increases damage dealt and taken.
Jewellery
 k - a ring of fire
Scrolls
 d - a scroll of teleportation
 i - 2 scrolls of identify
 t - a scroll of vulnerability {unknown}
Potions
 b - 2 potions of degeneration {unknown}
 e - a potion of attraction {unknown}
 f - 3 potions of cancellation
 g - 2 potions of haste
 h - a potion of invisibility {unknown}
 j - 2 potions of brilliance {unknown}
 n - a potion of mutation {unknown}
 p - a potion of berserk rage {unknown}
 q - a potion of curing {unknown}
 s - a potion of flight {unknown}
Miscellaneous
 c - a piece from Xom's chessboard (15/15)

Dungeon Overview and Level Annotations

Branches:
Dungeon (4/15)
 Temple: D:4-7

Altars:

Annotations:
D:3 2 runed translucent doors, qw's ghost, amateur MiFi


Message History

Found a short sword.
Found 6 stones.
There is a stone staircase leading down here.
There is a stone staircase leading down here.
You see here a +0 short sword. "Let's see if it's strong enough to survive yet."
A red devil comes into view. It is wielding a +0 trident.
You barely miss the red devil. You barely miss the quasit.
You barely miss the white imp. You hit the red devil.
The red devil is lightly wounded.
You hit the quasit but do no damage. You hit the white imp but do no damage.
You block the quasit's attack.
The quasit claws you but does no damage.
You block the quasit's attack. The white imp hits you.
The white imp freezes you.
The red devil hits you with a +0 trident!
Barbed spikes become lodged in your body.
You barely miss the red devil.
The red devil is lightly wounded.
You closely miss the white imp. You closely miss the quasit. x2
You closely miss the white imp. The quasit barely misses you. x2
The quasit claws you but does no damage.
The quasit barely misses you. x2; The quasit closely misses you.
You block the white imp's attack. The white imp hits you.
The white imp freezes you.
The red devil hits you with a +0 trident!
Barbed spikes become lodged in your body.
The quasit bites you but does no damage.
You block the quasit's attack.
The quasit claws you but does no damage.
4104 ||| READING 2 scrolls of teleportation.
As you read the scroll of teleportation, it crumbles to dust.
You feel strangely unstable. The quasit misses you.
The quasit barely misses you. The quasit closely misses you.
The white imp hits you but does no damage.
The red devil hits you with a +0 trident!
You die...

'####.#>#.# #.#
#...#.# #.
.~~~#.#.#.# #.#
##.##.# #.
..~~#.#.#.# #.#
#.##.# #. ...~#.#.#.#
#.# #.##.# ##
...~###.... #.#
#.##.# ...~# #....
#.# #.##.# ..~~#
#.... #.# #.##.####
~~~~#
.....##.#####.##....#
#####
#...##.54@4.....###.#
# #..555...#.# #.# #
#.########.# #.######
# #.# #.# #....... #
#.# #.# #.###### #
#.# #.# #.###### #
#.# #.# #......( #
#.## #.# #.###### #
###..##### #.# #.#


You could see an ice devil (summoned), a red devil (summoned), 2 quasits and 2
white imps.

Vanquished Creatures
  2 hounds (D:4)
  A jelly (D:3)
  3 adders
  A worm (D:4)
  2 dart slugs (D:1)
  2 orcs
  5 ball pythons
  4 bats
  7 endoplasms
  A giant cockroach (D:4)
  7 goblins
  6 hobgoblins
  5 quokkas
  2 frilled lizards
  11 kobolds
  7 rats
66 creatures vanquished.

Notes
Turn   | Place    | Note
-------+----------+-------------------------------------------
     0 | D:1      | qw the Barachi Chaos Knight began the quest for the Orb.
     0 | D:1      | Reached XP level 1. HP: 18/18 MP: 1/1
     0 | D:1      | 0 ||| qw: Version: 0.1-a-104-g96f76f8
     0 | D:1      | 0 ||| qw: Game counter: 6002
     0 | D:1      | 0 ||| qw: Always use a shield: true
     0 | D:1      | 0 ||| qw: God list: Okawaru
     0 | D:1      | 0 ||| qw: Allow faded altars: false
     0 | D:1      | 0 ||| qw: Do Orc after D:15 true
     0 | D:1      | 0 ||| qw: Do second Lair branch before Depths: true
     0 | D:1      | 0 ||| qw: Lair rune preference: random
     0 | D:1      | 0 ||| qw: Plans: Normal
     0 | D:1      | 0 ||| PLANNING D:1-11
     0 | D:1      | Fell from the grace of Xom
    50 | D:1      | XOM: noise
   172 | D:1      | 172 ||| Stepping ~*~*~tactically~*~*~ (stealth).
   191 | D:1      | Found a faded altar of an unknown god.
   204 | D:1      | 204 ||| Stepping ~*~*~tactically~*~*~ (stealth).
   328 | D:1      | 328 ||| Stepping ~*~*~tactically~*~*~ (stealth).
   329 | D:1      | 329 ||| Stepping ~*~*~tactically~*~*~ (stealth).
   331 | D:1      | 331 ||| Stepping ~*~*~tactically~*~*~ (stealth).
   332 | D:1      | 332 ||| Stepping ~*~*~tactically~*~*~ (stealth).
   333 | D:1      | 333 ||| Stepping ~*~*~tactically~*~*~ (stealth).
   334 | D:1      | 334 ||| Stepping ~*~*~tactically~*~*~ (stealth).
   337 | D:1      | Reached XP level 2. HP: 24/24 MP: 2/2
   339 | D:1      | Reached skill level 4 in Axes
   383 | D:1      | 383 ||| Stepping ~*~*~tactically~*~*~ (stealth).
   709 | D:1      | 709 ||| Stepping ~*~*~tactically~*~*~ (stealth).
   712 | D:1      | 712 ||| Stepping ~*~*~tactically~*~*~ (stealth).
   716 | D:1      | Reached XP level 3. HP: 19/29 MP: 3/3
   733 | D:1      | 733 ||| Stepping ~*~*~tactically~*~*~ (stealth).
  1158 | D:1      | 1158 ||| DROPPING ring of magical power.
  1159 | D:1      | 1159 ||| READING scroll labelled VIERHU QAOTEWK.
  1160 | D:1      | 1160 ||| READING scroll labelled OWIVIE RASOG.
  1164 | D:1      | 1164 ||| READING scroll labelled LEAGEODU HAUCIRAD.
  1165 | D:1      | 1165 ||| DRINKING 3 bubbling coppery potions.
  1363 | D:2      | 1363 ||| Stepping ~*~*~tactically~*~*~ (stealth).
  1365 | D:2      | 1365 ||| Stepping ~*~*~tactically~*~*~ (stealth).
  1366 | D:2      | 1366 ||| Stepping ~*~*~tactically~*~*~ (stealth).
  1588 | D:2      | Reached skill level 5 in Axes
  1933 | D:2      | 1933 ||| UPGRADING to +0 cloak.
  1938 | D:2      | 1938 ||| DROPPING ring of flight.
  1939 | D:2      | 1939 ||| READING scroll labelled MIESYM ZOQUPHIEC.
  1940 | D:2      | 1940 ||| DRINKING 2 dark potions.
  1941 | D:2      | 1941 ||| Stepping randomly (stuck).
  1942 | D:2      | 1942 ||| Stepping ~*~*~tactically~*~*~ (cloud).
  1950 | D:2      | HP: 7/29 [poisoned by you (poison gas)]
  1956 | D:2      | HP: 4/29 [poisoned by you (poison gas)]
  2156 | D:2      | 2156 ||| Stepping ~*~*~tactically~*~*~ (stealth).
  2307 | D:3      | Reached XP level 4. HP: 33/36 MP: 4/4
  2313 | D:3      | 2313 ||| Stepping ~*~*~tactically~*~*~ (stealth).
  2317 | D:3      | 2317 ||| Stepping ~*~*~tactically~*~*~ (stealth).
  2318 | D:3      | 2318 ||| Stepping ~*~*~tactically~*~*~ (stealth).
  2319 | D:3      | 2319 ||| Stepping ~*~*~tactically~*~*~ (stealth).
  2336 | D:3      | 2336 ||| Stepping ~*~*~tactically~*~*~ (stealth).
  2383 | D:3      | 2383 ||| SWAPPING to +0 war axe.
  2384 | D:3      | 2384 ||| DROPPING +0 club.
  2385 | D:3      | 2385 ||| DROPPING +0 hand axe of chaos.
  2403 | D:3      | XOM: draining
  2490 | D:3      | Found a runed translucent door.
  2491 | D:3      | Noticed qw's ghost (amateur MiFi)
  2491 | D:3      | Noticed a bullfrog
  2875 | D:3      | Found a runed translucent door.
  2916 | D:3      | 2916 ||| Stepping ~*~*~tactically~*~*~ (stealth).
  2917 | D:3      | 2917 ||| Stepping ~*~*~tactically~*~*~ (stealth).
  2918 | D:3      | 2918 ||| Stepping ~*~*~tactically~*~*~ (stealth).
  3118 | D:3      | XOM: stat loss: -2 Int (11/13)
  3138 | D:3      | 3138 ||| UPGRADING to +0 kite shield.
  3143 | D:3      | 3143 ||| UPGRADING to +0 ring mail.
  3153 | D:3      | 3153 ||| DROPPING +2 leather armour.
  3154 | D:3      | 3154 ||| READING scroll labelled WEGU QOIBBY.
  3169 | D:3      | 3169 ||| Stepping ~*~*~tactically~*~*~ (stealth).
  3227 | D:4      | Reached skill level 1 in Shields
  3227 | D:4      | Reached XP level 5. HP: 23/41 MP: 5/5
  3341 | D:4      | XOM: 5-stop teleportation journey
  3438 | D:4      | 3438 ||| Stepping ~*~*~tactically~*~*~ (stealth).
  3455 | D:4      | 3455 ||| Stepping ~*~*~tactically~*~*~ (stealth).
  3497 | D:4      | Identified the +1 robe of Ihashres {Harm Dex+4}
  3718 | D:4      | XOM: confusion
  3863 | D:4      | XOM: stat loss: -1 Str (14/15)
  4100 | D:4      | XOM: summons 6 hostile demons
  4101 | D:4      | Noticed a red devil
  4101 | D:4      | Noticed an ice devil
  4103 | D:4      | HP: 7/41 [red devil/+0 trident[Xom] (7)]
  4104 | D:4      | 4104 ||| READING 2 scrolls of teleportation.
  4104 | D:4      | Slain by a red devil

Levels and vault maps discovered:
D:1:      elethiomel_arrival_maze, layout_basic, ebering_ecumenical_altar_box,
          roderic_roman_lattice
D:2:      layout_rooms
D:3:      layout_basic, ebering_ghost_sewer_f
D:4:      layout_loops_ring, kennysheep_generic_room_8

Skill      XL: |  1  2  3  4  5 |
---------------+----------------+-----
Axes           | 4 5 |  5.9
Shields        | 1 2 |  2.9
Fighting       | |  3.6
Armour         | |  2.4
Dodging        | |  1.1

Action                   |  1- 3 |  4- 6 || total
-------------------------+-------+-------++-------
Melee: Hand axe          |   103 |     5 ||   108
       Punch             |     4 |       ||     4
       War axe           |       |    91 ||    91
Invok: Renounce Religion |     1 |       ||     1
  Use: Scroll            |     4 |     2 ||     6
       Potion            |     2 |       ||     2
Armor: Leather armour    |    46 |    11 ||    57
       Ring mail         |       |    34 ||    34
Dodge: Dodged            |    46 |    52 ||    98
Block: Kite shield       |       |    25 ||    25

Table legend:
 A = Non-vault XP
 B = Vault XP
 C = Vault XP percentage of total XP
 D = Non-vault monster count
 E = Vault monster count
 F = Vault count percentage of total count
                 A         B        C        D         E       F
            +---------+---------+-------+---------+---------+-------
      Total |     255 |      15 |   5.6 |      64 |       2 |   3.0
            +---------+---------+-------+---------+---------+-------
        D:1 |      41 |       0 |   0.0 |      21 |       0 |   0.0
        D:2 |      38 |       0 |   0.0 |      18 |       0 |   0.0
        D:3 |      74 |       0 |   0.0 |      15 |       0 |   0.0
        D:4 |     102 |      15 |  12.8 |      10 |       2 |  16.7
            +---------+---------+-------+---------+---------+-------
